 Dungeon Crawl Stone Soup version 0.27.1-34-g3ba077fa99 (webtiles) character file.

Game seed: 14331632851013071310

19 Mitsuki the Conjurer (level 2, -5/15 HPs)
             Began as a Deep Elf Conjurer on Jan 12, 2022.
             Slain by an iguana (14 damage)
             ... on level 2 of the Dungeon.
             The game lasted 00:01:10 (961 turns).

Mitsuki the Conjurer (Deep Elf Conjurer)             Turns: 961, Time: 00:01:11

Health: -5/15      AC:  2    Str:  4    XL:     2   Next: 55%
Magic:  2/8        EV: 12    Int: 22    God:
Gold:   48         SH:  0    Dex: 13    Spells: 6/7 levels left

rFire    . . .     SeeInvis .   b - +0 dagger
rCold    . . .     Faith    .   (no shield)
rNeg     . . .     Spirit   .   a - +0 robe
rPois    .         Reflect  .   (no helmet)
rElec    .         Harm     .   (no cloak)
rCorr    .         Rampage  .   (no gloves)
Will     .....                  (no boots)
Stlth    ++........             i - amulet of regeneration
HPRegen  1.05/turn              (no ring)
MPRegen  0.11/turn              (no ring)

@: no status effects
A: no striking features
a: no special abilities


You were on level 2 of the Dungeon.
You visited 1 branch of the dungeon, and saw 2 of its levels.

You collected 48 gold pieces.

Inventory:

Hand Weapons
 b - a +0 dagger (weapon)
Armour
 a - a +0 robe (worn)
Magical Staves
 h - a staff of air
Jewellery
 i - an amulet of regeneration (around neck)
Scrolls
 c - a scroll of teleportation {unknown}
 d - a scroll of noise {unknown}
 e - a scroll of fear {unknown}
 f - a scroll of torment {unknown}
 g - a scroll of fog {unknown}
 j - a scroll of summoning {unknown}


   Skills:
 + Level 2.8 Dodging
 - Level 2.4 Stealth
 + Level 3.4 Spellcasting
 * Level 4.8 Conjurations


You had 6 spell levels left.
You knew the following spells:

 Your Spells              Type           Power      Damage    Failure   Level
a - Magic Dart            Conj           100%       1d8       1%          1

Your spell library contained the following spells:

 Spells                   Type           Power      Damage    Failure   Level
 Searing Ray              Conj           50%        3d5       2%          2
 Dazzling Flash           Conj/Hex       28%        N/A       13%         3
 Fulminant Prism          Conj/Hex       7%         3d7       41%         4
 Iskenderun's Mystic Bla  Conj/Tloc      14%        2d5       41%         4


Dungeon Overview and Level Annotations

Branches:
Dungeon (2/15)

Altars:


Message History

The magic dart hits the iguana but does no damage.
The iguana hisses angrily.
You now have 6/8 mp.
Casting: Magic Dart (safe; 1% risk of failure)
Confirm with . or Enter, or press ? or * to list all spells.
The magic dart hits the iguana.
The iguana is lightly wounded.
You now have 5/8 mp.
Casting: Magic Dart (safe; 1% risk of failure)
Confirm with . or Enter, or press ? or * to list all spells.
The magic dart hits the iguana.
The iguana is lightly wounded.
You now have 4/8 mp.
Casting: Magic Dart (safe; 1% risk of failure)
Confirm with . or Enter, or press ? or * to list all spells.
The magic dart hits the iguana.
The iguana is heavily wounded.
You now have 3/8 mp.
Casting: Magic Dart (safe; 1% risk of failure)
Confirm with . or Enter, or press ? or * to list all spells.
The magic dart hits the iguana.
The iguana is severely wounded.
You now have 2/8 mp.
The iguana bites you!
You take 7 damage, and have 8/15 hp.
MASSIVE DAMAGE!!
Casting: Magic Dart (safe; 1% risk of failure)
Confirm with . or Enter, or press ? or * to list all spells.
The magic dart hits the iguana but does no damage.
The iguana is severely wounded.
The iguana closely misses you.
You now have 2/8 mp.
You hit the iguana.
The iguana is almost dead.
The iguana bites you.
You take 1 damage, and have 8/15 hp.
You hit the iguana but do no damage.
The iguana is almost dead.
The iguana bites you!
Ouch! That really hurt!
You die...

#.......)....#
#..<.........# #
#............# #.
#............# #..
####.......†....#
#...##...............#
.....................
....................
.......@.##########
......l..# .......###
....... .......
..†.... ....$..
.......


You could see an iguana.

Vanquished Creatures
  3 bats
  2 endoplasms (D:1)
  2 giant cockroaches (D:1)
  3 goblins
  A hobgoblin (D:1)
  A quokka (D:1)
  2 ball pythons
  A frilled lizard (D:1)
  A kobold (D:2)
  A rat (D:1)
17 creatures vanquished.

Notes
Turn   | Place    | Note
-------+----------+-------------------------------------------
     0 | D:1      | Mitsuki the Deep Elf Conjurer began the quest for the Orb.
     0 | D:1      | Reached XP level 1. HP: 10/10 MP: 6/6
   222 | D:1      | Reached XP level 2. HP: 15/15 MP: 4/8
   961 | D:2      | Slain by an iguana

Illustrated notes

Levels and vault maps discovered:
D:1:      nagdon_arrival_double_spiral, layout_basic, serial_park_tiny_pond
D:2:      layout_basic, minmay_snake_closets

Action                   || total
-------------------------++-------
Melee: Dagger            ||     2
 Cast: Magic Dart        ||    33
Dodge: Dodged            ||     1
